[ AOE2 MATCH · #506943552 ]
UnrankedSicilians vs Armenians
Player's team · LOSS
Rival team · WIN
[ REPLAY ANALYSIS · EXTRACTED FROM THE RECORDED GAME ]
Feudal
22:36
Castle
—
Imperial
—
| APM avg | 51.9 |
| APM peak | 127 |
| eAPM avg | 24.2 |
| Villagers / military | 50 / 0 |
Focus
⚔️ 4.5% · 🌾 95.5%
Feudal
11:06
Castle
—
Imperial
—
| APM avg | 36.0 |
| APM peak | 64 |
| eAPM avg | 13.4 |
| Villagers / military | 27 / 9 |
Focus
⚔️ 22.7% · 🌾 77.3%
Militia ×9
Match map
Initial resources + every placement click. Lines = walls · curves = elevation contours. ◆ gold · ⬟ stone · ● berries · ✦ relic · ◌ wall gap
Your base· Open — unwalled flank
Snake's base· Open — unwalled flank
Smoothed initial terrain · ◌ = detected wall gap · hover for details
Inputs per minute
— rNy- - - Snake
Build order — rNy-
76 actions detected in the replay
| 0:00 | Queue | Villager (Male) |
| 0:00 | Queue | Villager (Male) |
| 0:00 | Queue | Villager (Male) |
| 0:01 | Queue | Villager (Male) |
| 0:02 | Build | House |
| 0:03 | Build | House |
| 0:04 | Build | House |
| 1:37 | Queue | Villager (Male) |
| 2:00 | Queue | Villager (Male) |
| 2:20 | Queue | Villager (Male) |
| 2:57 | Queue | Villager (Male) |
| 2:57 | Queue | Villager (Male) |
| 3:41 | Queue | Villager (Male) |
| 3:46 | Queue | Villager (Male) |
| 3:46 | Queue | Villager (Male) |
| 4:18 | Queue | Villager (Male) |
| 4:30 | Queue | Villager (Male) |
| 4:51 | Queue | Villager (Male) |
| 5:07 | Queue | Villager (Male) |
| 5:08 | Queue | Villager (Male) |
| 5:28 | Build | Lumber Camp |
| 5:56 | Build | House |
| 6:17 | Queue | Villager (Male) |
| 6:52 | Research | Loom |
| 7:17 | Build | House |
| 7:28 | Queue | Villager (Male) |
| 7:47 | Queue | Villager (Male) |
| 8:47 | Queue | Villager (Male) |
| 9:06 | Queue | Villager (Male) |
| 9:27 | Queue | Villager (Male) |
| 9:59 | Build | Town Center |
| 10:19 | Build | Town Center |
| 11:16 | Queue | Villager (Male) |
| 11:16 | Queue | Villager (Male) |
| 11:17 | Queue | Villager (Male) |
| 11:28 | Build | Palisade Wall |
| 11:36 | Build | House |
| 11:36 | Build | House |
| 11:37 | Build | House |
| 11:39 | Build | House |
| 11:41 | Build | House |
| 11:42 | Build | House |
| 11:49 | Build | Mill |
| 11:54 | Build | Palisade Gate |
| 12:13 | Queue | Villager (Male) |
| 12:34 | Queue | Villager (Male) |
| 12:58 | Queue | Villager (Male) |
| 13:21 | Queue | Villager (Male) |
| 13:49 | Queue | Villager (Male) |
| 14:12 | Queue | Villager (Male) |
| 14:33 | Queue | Villager (Male) |
| 14:34 | Queue | Villager (Male) |
| 15:33 | Queue | Villager (Male) |
| 15:33 | Queue | Villager (Male) |
| 15:33 | Queue | Villager (Male) |
| 15:34 | Queue | Villager (Male) |
| 18:12 | Build | Town Center |
| 18:46 | Research | Feudal Age |
| 19:01 | Queue | Villager (Male) |
| 19:01 | Queue | Villager (Male) |
| 19:02 | Queue | Villager (Male) |
| 19:02 | Queue | Villager (Male) |
| 19:34 | Build | Town Center |
| 20:26 | Research | Feudal Age |
| 21:01 | Build | House |
| 22:11 | Build | House |
| 22:36 | Age | Feudal Age |
| 22:45 | Queue | Villager (Male) |
| 22:45 | Queue | Villager (Male) |
| 22:45 | Queue | Villager (Male) |
| 22:46 | Queue | Villager (Male) |
| 22:46 | Queue | Villager (Male) |
| 22:46 | Queue | Villager (Male) |
| 22:46 | Queue | Villager (Male) |
| 22:47 | Queue | Villager (Male) |
| 24:58 | Build | House |
Build order — Snake
76 actions detected in the replay
| 0:03 | Build | House |
| 0:04 | Build | House |
| 0:05 | Queue | Villager (Male) |
| 0:05 | Queue | Villager (Male) |
| 0:05 | Queue | Villager (Male) |
| 0:06 | Queue | Villager (Male) |
| 0:06 | Queue | Villager (Male) |
| 1:55 | Build | Mule Cart |
| 1:56 | Queue | Villager (Male) |
| 2:12 | Queue | Villager (Male) |
| 2:20 | Queue | Villager (Male) |
| 2:55 | Queue | Villager (Male) |
| 2:56 | Research | Loom |
| 3:39 | Queue | Villager (Male) |
| 3:52 | Queue | Villager (Male) |
| 4:32 | Build | House |
| 4:54 | Queue | Villager (Male) |
| 4:55 | Queue | Villager (Male) |
| 4:56 | Build | Mill |
| 5:57 | Queue | Villager (Male) |
| 5:57 | Queue | Villager (Male) |
| 6:23 | Queue | Villager (Male) |
| 6:43 | Queue | Villager (Male) |
| 7:01 | Build | Mule Cart |
| 7:14 | Build | House |
| 7:42 | Build | Barracks |
| 8:01 | Queue | Villager (Male) |
| 8:12 | Build | House |
| 8:20 | Build | Palisade Wall |
| 8:44 | Build | Mule Cart |
| 8:50 | Build | Palisade Wall |
| 8:56 | Research | Feudal Age |
| 8:59 | Queue | Militia |
| 8:59 | Queue | Militia |
| 9:23 | Queue | Militia |
| 10:00 | Queue | Militia |
| 10:37 | Queue | Villager (Male) |
| 10:37 | Queue | Villager (Male) |
| 10:54 | Queue | Villager (Male) |
| 11:06 | Age | Feudal Age |
| 11:17 | Build | Watch Tower |
| 11:30 | Build | Blacksmith |
| 12:09 | Build | Mule Cart |
| 12:40 | Queue | Villager (Male) |
| 14:06 | Queue | Villager (Male) |
| 14:34 | Research | Fletching |
| 15:16 | Build | Mule Cart |
| 16:15 | Build | Market |
| 17:09 | Build | Town Center |
| 17:22 | Queue | Militia |
| 17:23 | Queue | Militia |
| 17:23 | Queue | Militia |
| 17:26 | Build | House |
| 17:54 | Research | Man-at-Arms (upgrade) |
| 18:09 | Build | Farm |
| 18:18 | Build | Farm |
| 18:20 | Build | Farm |
| 18:27 | Build | Farm |
| 18:56 | Queue | Villager (Male) |
| 18:58 | Build | Farm |
| 19:04 | Build | Watch Tower |
| 19:24 | Queue | Villager (Male) |
| 20:32 | Build | Mill |
| 20:38 | Build | Farm |
| 20:54 | Queue | Villager (Male) |
| 21:13 | Build | Farm |
| 21:54 | Queue | Villager (Male) |
| 22:49 | Queue | Militia |
| 22:49 | Queue | Militia |
| 23:18 | Build | Farm |
| 23:26 | Build | Palisade Wall |
| 23:28 | Build | Palisade Wall |
| 23:33 | Build | Palisade Wall |
| 24:21 | Build | Town Center |
| 24:50 | Build | Palisade Wall |
| 24:51 | Build | Palisade Wall |
Match timeline
| 7:42 | Snake · first_building Barracks |
| 8:20 | Snake · wall_segment Palisade Wall x10 |
| 8:50 | Snake · wall_segment Palisade Wall x10 |
| 11:06 | Snake · age_up feudal |
| 11:28 | rNy- · wall_segment Palisade Wall x9 |
| 16:45 | Snake · first_market_buy 100 wood |
| 22:36 | rNy- · age_up feudal |
| 23:26 | Snake · wall_segment Palisade Wall x1 |
| 23:28 | Snake · wall_segment Palisade Wall x1 |
| 23:33 | Snake · wall_segment Palisade Wall x1 |
| 24:50 | Snake · wall_segment Palisade Wall x1 |
| 24:51 | Snake · wall_segment Palisade Wall x1 |
| 25:01 | rNy- · resign |
[ AI ANALYSIS · 1 CREDIT ]
What really happened in this match?
Wolo.gg analyzes every decision: build order, eco, micro, common mistakes by bracket. Personalized analysis on WhatsApp or Discord in 30 seconds.
Civ guide
Sicilians
Perfil
Jugador #14702740